 Dungeon Crawl Stone Soup version 0.31-a0-803-g95b03c3367 (webtiles) character file.

Game seed: 17457063439125110295

30 mopl the Insei (level 3, 0/23 HPs)
             Began as an Octopode Shapeshifter on Sept 20, 2023.
             Slain by a gnoll
             ... wielding a +0 halberd
              (14 damage)
             ... on level 1 of the Dungeon.
             The game lasted 00:01:15 (887 turns).

mopl the Insei (Octopode Shapeshifter)               Turns: 887, Time: 00:01:16

Health: 0/23       AC:  1    Str: 19    XL:     3   Next: 20%
Magic:  3/3        EV: 13    Int: 12    God:
Gold:   56         SH:  0    Dex: 13    Spells: 2/2 levels left

rFire   . .          .
                       - Unarmed
rCold   . . .        (no shield)
rNeg    . . .        (helmet currently unavailable)
rPois   .            (no amulet)
rElec   .            i - +6 ring of strength
rCorr   .            (no ring)
SInv    .            (no ring)
Will    .....        (no ring)
Stlth   ++           (no ring)
HPRegen 0.23/turn    (no ring)
MPRegen 0.08/turn    (no ring)
                     (no ring)

%: no passive effects
@: beast-form
A: beast (slay +1), almost no armour, amphibious, 8 rings, camouflage 1,
gelatinous body 1, (nimble swimmer 1), tentacles
a: Begin Untransformation


You were on level 1 of the Dungeon.
You were a hulking beast.
You visited 1 branch of the dungeon, and saw 2 of its levels.

You collected 56 gold pieces.

Inventory:

Jewellery
 i - a +6 ring of strength (left tentacle)
Talismans
 b - a beast talisman (active)
 c - a flux talisman
Scrolls
 e - a scroll of enchant armour {unknown}
 f - 2 scrolls of identify {unknown}
 h - 2 scrolls of summoning {unknown}
Potions
 a - a potion of lignification {!q}
 d - 2 potions of haste {unknown}
 g - a potion of enlightenment {unknown}
 j - a potion of might {unknown}


   Skills:
 + Level 1.4 Fighting
 + Level 2.2 Dodging
 * Level 3.4 Unarmed Combat
 * Level 3.3 Shapeshifting


You had 2 spell levels left.
You didn't know any spells.
Your spell library was empty.

Dungeon Overview and Level Annotations

Branches:
Dungeon (2/15)

Altars:


Innate Abilities, Weirdness & Mutations

You are a hulking beast.
Your limbs bulge with bestial killing power. (Slay +1)
You cannot wear most types of armour.
You are amphibious.
You can wear up to eight rings at the same time.
Your skin changes colour to match your surroundings (Stealth+).
Your rubbery body absorbs attacks. (AC +1, EV +1)
((You are camouflaged when in or above water. (Stealth+)))
You have tentacles for arms and can constrict up to eight enemies at once.


Message History

Done exploring.
What level of the Dungeon? (default 1, ? - help)
You see here a +0 leather armour.
There is a stone staircase leading down here.
You climb downwards.
There is a stone staircase leading up here.
You open the door.
Found a stone staircase leading down.
There is an open door here.
You open the door.
Found a short sword.
No target in view!
No target in view!
You open the door.
Found a stone staircase leading down.
There is an open door here.
There is a stone staircase leading down here.
A gnoll comes into view. It is wielding a +0 halberd.
The gnoll shouts!
A gnoll comes into view. It is wielding a +0 spear.
A gnoll comes into view. It is wielding a +0 flail.
There is a stone staircase leading down here.
There is an open door here.
There is an open door here.
There is a stone staircase leading up here.
The gnoll shouts!
You hear a shout!
The gnoll hits you with a +0 halberd!
A gnoll comes into view. It is wielding a +0 spear.
There is a stone staircase leading up, spattered with blood here.
The gnoll closely misses you.
You climb upwards.
There is a stone staircase leading down here.
You tentacle-slap the gnoll. You grab the gnoll.
The gnoll is moderately wounded.
You constrict the gnoll. The gnoll closely misses you.
You tentacle-slap the gnoll but do no damage.
The gnoll is moderately wounded.
You constrict the gnoll. The gnoll hits you with a +0 halberd!
Ouch! That really hurt!
You die...

.# ####..♣####♣..##### ##
.# #..#..........# ##. ##
#..#..........### #.. #
#..'##########'.#########.
#
#.######.##...#.##........
# #.#
#........#.##.######. #
#.# #.............# #.
##### #.####...8g..##.####
#.
....####.......8h8..##.#
#.
..#......###....8...##.#
#. ....######
##.......##.#########.
##.##
#..................##
....#####
####.##########......
........# #.# #.##.##
##..##..# #.# ###.##.##
##..##..# #.# #........
....##.>########.#
##############


You could see a gnoll.

Vanquished Creatures
  A dart slug (D:1)
  3 ball pythons (D:1)
  4 endoplasms (D:1)
  6 goblins (D:1)
  2 kobolds (D:1)
  3 quokkas (D:1)
  3 bats (D:1)
  2 rats (D:1)
24 creatures vanquished.

Notes
Turn   | Place    | Note
-------+----------+-------------------------------------------
     0 | D:1      | mopl the Octopode Shapeshifter began the quest for the Orb.
     0 | D:1      | Reached XP level 1. HP: 13/13 MP: 1/1
   234 | D:1      | Reached XP level 2. HP: 18/18 MP: 2/2
   469 | D:1      | Reached XP level 3. HP: 23/23 MP: 3/3
   887 | D:1      | Slain by a gnoll

Illustrated notes

Levels and vault maps discovered:
D:1:      co_arrival_random_square_maze, layout_loops_ring,
          minmay_misc_feat_encased, minivault_25, kennysheep_pointless_box,
          minivault_4, st_stairs_14
D:2:      layout_loops_corners, uniq_natasha, uniq_terence

Action                     || total
---------------------------++-------
  Melee: Unarmed           ||    48
         Tentacles         ||     7
         Constrict         ||    10
   Stab: Sleeping          ||     6
 Armour: Skin              ||    14
  Dodge: Dodged            ||    28

Table legend: (Time is in decaauts)
 A = Elapsed time spent in this place.
 B = Non-inter-level travel time spent in this place.
 C = Inter-level travel time spent in this place.
 D = Time resting spent in this place.
 E = Time spent auto-exploring this place.
 F = Levels seen in this place.
 G = Mean time per level.
                   A        B        C        D        E       F      G
               +--------+--------+--------+--------+--------+-----+--------+
         Total |    884 |    856 |     28 |     28 |    626 |   2 |  442.0 |
       Dungeon |    884 |    856 |     28 |     28 |    626 |   2 |  442.0 |
               +--------+--------+--------+--------+--------+-----+--------+

Top non-repeatable levels by time:
     D:1: 806 daAuts
     D:2: 77 daAuts
